 Dungeon Crawl Stone Soup version 0.26-a0-665-gefeb406119 (webtiles) character file.

Game seed: 18063690705897769946

10756 jasper the Fighter (level 11, -1/154 HPs)
             Began as a Palentonga Necromancer on Oct 13, 2020.
             Was a Believer of Kikubaaqudgha.
             Succumbed to an emperor scorpion's poison
             ... on level 10 of the Dungeon.
             The game lasted 00:24:01 (15199 turns).

jasper the Fighter (Palentonga Necromancer)        Turns: 15199, Time: 00:24:02

Health: -1/154     AC: 25    Str: 14    XL:     11   Next: 40%
Magic:  1/14       EV:  1    Int: 15    God:    Kikubaaqudgha [**....]
Gold:   1033       SH:  0    Dex: 12    Spells: 4/14 levels left

rFire    . . .     SeeInvis +   p - +0 short sword (elec)
rCold    . . .     Faith    .   (no shield)
rNeg     + + +     Spirit   +   (armour currently unavailable)
rPois    +         Reflect  .   (helmet currently unavailable)
rElec    .         Harm     .   (cloak currently unavailable)
rCorr    .         Rampage  .   (gloves currently unavailable)
MR       .....     NoTele   +   (no barding)
Stlth    +.........             v - amulet of guardian spirit
HPRegen  0.35/turn              I - +4 ring of slaying
MPRegen  0.14/turn              M - ring of attention (curse)

@: lethally poisoned (-1 -> -57), tree-form
A: large, rugged brown scales 3, see invisible
a: Receive Corpses, Renounce Religion


You were on level 10 of the Dungeon.
You worshipped Kikubaaqudgha.
Kikubaaqudgha was pleased with you.
You were a tree.
You visited 3 branches of the dungeon, and saw 15 of its levels.

You collected 1033 gold pieces.

Inventory:

Hand Weapons
 k - a +0 hand axe
 o - a +0 hunting sling
 p - a +0 short sword of electrocution (weapon)
 C - a +1 falchion of electrocution
 E - a +4 short sword of freezing
 F - a +0 rapier
Missiles
 m - 264 stones (quivered)
 B - 64 poisoned darts
 L - a throwing net
 U - 3 curare-tipped darts
Armour
 a - a +0 robe
 g - a +0 chain mail
 j - a +0 cloak (melded)
 n - a +0 ring mail (melded)
 u - a +0 leather armour of cold resistance
 z - a +0 helmet
 H - a +2 helmet (melded)
 R - a +0 troll leather armour
Jewellery
 i - a +4 ring of evasion
 v - an amulet of guardian spirit (around neck)
 I - a +4 ring of slaying (left branch)
 M - a cursed ring of attention (right branch)
Wands
 y - a wand of enslavement (2)
 K - a wand of random effects (7)
 Q - a wand of polymorph (9)
Scrolls
 d - 2 scrolls of random uselessness
 h - 9 scrolls of teleportation
 l - a scroll of enchant weapon
 G - a scroll of fear
 J - 3 scrolls of identify
 N - a scroll of magic mapping
 O - a scroll of fog
 S - a scroll of amnesia
Potions
 b - a potion of might {unknown}
 c - 4 potions of magic
 e - 2 potions of stabbing
 q - a potion of mutation {unknown}
 r - 4 potions of brilliance
 s - 3 potions of flight {unknown}
 t - a potion of haste
 w - 2 potions of lignification
 x - a potion of cancellation {unknown}
 A - a potion of heal wounds {unknown}
 D - a potion of degeneration {unknown}
 T - a potion of resistance


   Skills:
 + Level 9.3 Fighting
 - Level 8.0 Short Blades
 + Level 7.4 Armour
 - Level 1.5 Dodging
 - Level 1.2 Stealth
 - Level 2.0 Spellcasting
 + Level 8.5 Necromancy
 - Level 6.0 Evocations


You had 4 spell levels left.
You knew the following spells:

 Your Spells              Type           Power        Failure   Level
a - Vampiric Draining     Necr           ####......   1%          3
b - Animate Skeleton      Necr           ####..       1%          1
c - Corpse Rot            Necr/Air       N/A          6%          2
d - Animate Dead          Necr           ####......   7%          4

Your spell library contained the following spells:

 Spells                   Type           Power        Failure   Level
 Pain                     Necr           ####         1%          1
 Sublimation of Blood     Necr           ####......   1%          2
 Agony                    Necr           ####....     19%         5


Dungeon Overview and Level Annotations

Branches:
Dungeon (12/15)            Temple (1/1) D:7             Orc (2/2) D:10
    Elf (0/3) Orc:2
   Lair: D:8-11

Altars:
Ashenzari
Dithmenos
Elyvilon
Fedhas
Hepliaklqana
Kikubaaqudgha
Makhleb
Nemelex Xobeh
Okawaru
Qazlal
Ru
Uskayaw
Vehumet
Wu Jian
Xom
Yredelemnul
Zin
The Shining One

Shops:
D:10 (

Annotations:
D:12 1 transporter, Rupert; jasper's ghost, journeyman DsWr


Innate Abilities, Weirdness & Mutations

(You are completely covered in rugged brown scales. (AC +3, +7% HP))
You have supernaturally acute eyesight. (SInv)
((Armour fits poorly on your strangely shaped body.))
((You can roll at foes to attack.))
((You have a long armoured tail.))


Message History

Unknown command.
Okay, then.
Okay, then.
You feel sick. The emperor scorpion stings you!
* * * LOW HITPOINT WARNING * * *
You are more poisoned.
The emperor scorpion poisons you! The emperor scorpion claws you!
* * * LOW HITPOINT WARNING * * *
The emperor scorpion claws you but does no damage.
You climb upwards.
Welcome back to the Dungeon!
* * * LOW HITPOINT WARNING * * *
You feel extremely sick.
There is a staircase to the Orcish Mines here.
You take 22 damage, and have 2/103 hp.
MASSIVE DAMAGE!!
You now have 0/14 mp.
Unknown command.
It was a potion of lignification.
You turn into a tree.
Your +0 cloak melds into your body.
Your +2 helmet melds into your body.
Your +0 ring mail melds into your body.
Your roots penetrate the ground.
You die...
Kikubaaqudgha rasps: "You have failed me!
Welcome... death!"

.....#..#######.#####.# #.#
.....#..........#...+.####.#
.....#..........#...#......#
######..............#......#
....................'......#
.....[..............#......##
....####........∩...#.......#
....#..#....................#
....#..'........♣s........###
#####..#..................#
.......#.............######
.......#.............#
.......#.............###
.......#...............#
.......#####.######....#
#####......#.# ##...#
....#......#.# #...#


You could see an emperor scorpion.

Vanquished Creatures
  3 two-headed ogres
  2 death yaks
  Pikel (D:4)
  2 trolls
  Prince Ribbit (D:8)
  A shadow (D:10)
  3 yaks (D:11)
  A vampire (D:7)
  A warg (Orc:1)
  A water moccasin (D:10)
  4 ice beasts
  6 orc warriors
  3 sky beasts
  2 black bears
  An eye of draining (D:10)
  2 phantoms
  A tengu (D:11)
  5 ogres
  3 centaurs
  4 bullfrogs
  A wyvern skeleton (D:10)
  3 scorpions
  16 killer bees
  A water moccasin skeleton (D:5)
  10 wights
  A centaur zombie (D:5)
  A quasit (D:7)
  6 hounds
  A jelly (D:8)
  A gnoll shaman (Orc:1)
  9 orc priests
  6 orc wizards
  A centaur skeleton (D:8)
  3 iguanas
  9 worker ants
  16 adders
  7 gnolls
  2 shadow imps
  2 white imps
  2 ufetubi (D:8)
  An ooze (D:3)
  An adder skeleton (D:7)
  3 worms
  A dart slug (D:1)
  9 leopard geckos
  40 orcs
  2 bats
  7 giant cockroaches
  8 goblins
  8 hobgoblins
  13 jackals
  6 kobolds
  A quokka (D:6)
  2 ball pythons
  5 frilled lizards
  A giant cockroach zombie (D:6)
  A jackal skeleton (D:7)
  3 rats
257 creatures vanquished.

Vanquished Creatures (collateral kills)
  A death yak (D:9)
  An ogre (Orc:1)
  An orc priest (D:2)
  An orc wizard (Orc:1)
  A worker ant (D:5)
  A shadow imp (D:8)
  An orc (D:2)
  A jackal (D:6)
8 creatures vanquished.

Vanquished Creatures (others)
  A troll (D:9)
  A fungus (D:6)
2 creatures vanquished.

Grand Total: 267 creatures vanquished

Notes
Turn   | Place    | Note
-------+----------+-------------------------------------------
     0 | D:1      | jasper the Palentonga Necromancer began the quest for the
                  | Orb.
     0 | D:1      | Reached XP level 1. HP: 14/14 MP: 3/3
   274 | D:1      | Reached XP level 2. HP: 23/23 MP: 3/5
   428 | D:1      | Reached skill level 1 in Fighting
   433 | D:1      | Learned a level 1 spell: Animate Skeleton
  1262 | D:2      | Reached XP level 3. HP: 27/29 MP: 2/6
  1563 | D:2      | Reached skill level 2 in Fighting
  1563 | D:2      | Reached skill level 5 in Necromancy
  1573 | D:2      | Reached XP level 4. HP: 1/38 MP: 0/7
  2924 | D:3      | Reached skill level 1 in Short Blades
  3087 | D:3      | Found a sacrificial altar of Ru.
  3255 | D:3      | Reached XP level 5. HP: 46/47 MP: 8/8
  3263 | D:3      | Reached skill level 1 in Armour
  3265 | D:3      | Reached skill level 3 in Fighting
  4065 | D:4      | Noticed Pikel
  4065 | D:4      | Noticed a lemure
  4065 | D:4      | Noticed a lemure
  4065 | D:4      | Noticed a lemure
  4083 | D:4      | Noticed a lemure
  4105 | D:3      | Learned a level 3 spell: Vampiric Draining
  4109 | D:4      | Reached XP level 6. HP: 54/54 MP: 9/9
  4177 | D:4      | Killed Pikel
  4177 | D:4      | Reached skill level 4 in Fighting
  4177 | D:4      | Reached skill level 5 in Short Blades
  4177 | D:4      | Reached XP level 7. HP: 56/64 MP: 10/10
  4674 | D:4      | Reached XP level 8. HP: 71/71 MP: 11/11
  4993 | D:5      | Entered Level 5 of the Dungeon
  5135 | D:5      | Reached skill level 5 in Fighting
  5362 | D:5      | Found a hazy altar of Hepliaklqana.
  6267 | D:6      | Found a blossoming altar of Fedhas.
  7052 | D:7      | Reached skill level 6 in Fighting
  7090 | D:7      | Reached XP level 9. HP: 80/80 MP: 12/12
  7131 | D:7      | Found a staircase to the Ecumenical Temple.
  7148 | Temple   | Entered the Ecumenical Temple
  7190 | Temple   | Became a worshipper of Kikubaaqudgha
  7406 | D:7      | Found a sparkling altar of Nemelex Xobeh.
  7406 | D:7      | Found a burning altar of Makhleb.
  7412 | D:7      | Found a faded altar of an unknown god.
  7565 | D:7      | Found an iron altar of Okawaru.
  7567 | D:7      | Found a shadowy altar of Dithmenos.
  8109 | D:8      | Reached skill level 1 in Evocations
  8290 | D:8      | Reached skill level 5 in Armour
  8387 | D:8      | Noticed Prince Ribbit
  8401 | D:8      | Killed Prince Ribbit
  8407 | D:8      | Reached * piety under Kikubaaqudgha
  8407 | D:8      | Identified Kikubaaqudgha's Guide on Unholy Arts
                  | (Kikubaaqudgha gifted it to you on level 8 of the Dungeon)
  8407 | D:8      | Received a gift from Kikubaaqudgha
  8441 | D:8      | Learned a level 2 spell: Corpse Rot
  8458 | D:8      | Found an iron altar of Okawaru.
  8494 | D:8      | Reached skill level 7 in Fighting
  9030 | D:8      | Noticed a two-headed ogre
  9111 | D:9      | Noticed a death yak
  9117 | D:9      | Noticed a death yak
  9143 | D:9      | Noticed a death yak
  9225 | D:8      | Reached XP level 10. HP: 92/92 MP: 13/13
  9266 | D:8      | Killed a death yak
  9846 | D:5      | Reached ** piety under Kikubaaqudgha
 10199 | D:8      | Killed a two-headed ogre
 10659 | D:9      | Killed a death yak
 10659 | D:9      | Reached skill level 8 in Fighting
 10676 | D:9      | Killed a death yak
 11006 | D:9      | Found a glowing golden altar of the Shining One.
 11097 | D:10     | Entered Level 10 of the Dungeon
 11105 | D:10     | Reached skill level 5 in Evocations
 11427 | D:10     | Found Rughaasch's Weapon Shop.
 11427 | D:10     | Found a staircase to the Orcish Mines.
 11504 | D:10     | Noticed a two-headed ogre
 11519 | D:10     | Killed a two-headed ogre
 12038 | D:10     | Reached XP level 11. HP: 101/101 MP: 14/14
 12457 | D:10     | Learned a level 4 spell: Animate Dead
 13271 | D:11     | Noticed Sonja
 13272 | D:11     | Noticed Sonja
 13272 | D:11     | Sonja changed into Sonja the tengu
 13291 | D:11     | Killed Sonja the tengu
 13436 | D:11     | Noticed a boulder beetle
 13488 | D:12     | Found a transporter.
 13490 | D:12     | Noticed jasper's ghost (journeyman DsWr)
 13497 | D:12     | Noticed Rupert
 13861 | Orc:1    | Entered Level 1 of the Orcish Mines
 13861 | Orc:1    | Noticed a two-headed ogre
 13868 | Orc:1    | Killed a two-headed ogre
 13868 | Orc:1    | Reached skill level 9 in Fighting
 14664 | Orc:2    | Entered Level 2 of the Orcish Mines
 14700 | Orc:2    | Found a staircase to the Elven Halls.
 14949 | Orc:2    | Noticed an orc warlord
 15189 | Orc:1    | Noticed an emperor scorpion
 15189 | Orc:1    | an orc warlord changed into an emperor scorpion
 15198 | D:10     | HP: 2/103 [poisoned by an emperor scorpion]
 15199 | D:10     | Succumbed to an emperor scorpion's poison

Illustrated notes

Levels and vault maps discovered:
D:1:      dpeg_arrival_tiny_d, layout_loops_corners, serial_forest,
          infiniplex_forest_corner_2, infiniplex_forest_lined_corner,
          infiniplex_forest_lined_room_2, infiniplex_forest_zigzag_1,
          infiniplex_forest_clump_long
D:2:      layout_basic
D:3:      layout_rooms, nicolae_ru_great_annihilating_truth
D:4:      layout_loops_ring, uniq_pikel
D:5:      layout_loops_ring, nicolae_overflow_hidden_temple
D:6:      layout_loops_cross, fedhas_altar_3
D:7:      layout_loops_ring, chequers_temple_overflow_minitemple,
          minmay_temple_entry_waves
D:8:      layout_rooms, basic_altar, uniq_prince_ribbit1
D:9:      layout_loops_ring, overflow_temple_1_default, dpeg_lair_monsters,
          minivault_23, nrook_campfire
D:10:     layout_irregular_city, orc_david_3
D:11:     layout_rooms, uniq_sonja
D:12:     layout_roguey, gammafunk_ghost_stat_death, uniq_fannar, uniq_rupert
Temple:   eino_wide_crystal_templ
Orc:1:    layout_diamond_mine
Orc:2:    st_orc_rangers, layout_diamond_mine, minmay_orc_barracks

Skill      XL: |  1  2  3  4  5  6  7  8  9 10 11 |
---------------+----------------------------------+-----
Fighting       | 1 2 3 4 6 7 8 9 |  9.3
Necromancy     | 5 6 7 8 |  8.5
Short Blades   | 1 2 5 7 8 |  8.0
Armour         | 1 2 3 4 5 6 7 |  7.4
Evocations     | 3 5 6 |  6.0
Dodging        | |  1.5
Stealth        | |  1.2
Spellcasting   | |  2.0

Action                   |  1- 3 |  4- 6 |  7- 9 | 10-12 || total
-------------------------+-------+-------+-------+-------++-------
Melee: Unarmed           |    16 |       |       |       ||    16
       Tailslap          |     2 |    13 |    46 |    37 ||    98
       Short sword       |       |   161 |   430 |   336 ||   927
Throw: Stone             |       |       |     8 |     4 ||    12
 Cast: Pain              |    44 |     4 |       |       ||    48
       Animate Skeleton  |     1 |     6 |    22 |    17 ||    46
       Corpse Rot        |       |       |     2 |     1 ||     3
       Animate Dead      |       |       |       |     2 ||     2
Invok: Receive Corpses   |       |       |       |     3 ||     3
 Abil: Rolling Charge    |     3 |       |       |       ||     3
Evoke: Wand              |       |       |     1 |    18 ||    19
  Use: Scroll            |       |     6 |     7 |     4 ||    17
       Potion            |       |     2 |       |     6 ||     8
 Stab: Paralysed         |       |     2 |     2 |       ||     4
Armor: Robe              |    12 |       |       |       ||    12
       Ring mail         |     2 |    66 |   109 |   111 ||   288
Dodge: Dodged            |    19 |    77 |   223 |   223 ||   542

Table legend: (Time is in decaauts)
 A = Elapsed time spent in this place.
 B = Non-inter-level travel time spent in this place.
 C = Inter-level travel time spent in this place.
 D = Time resting spent in this place.
 E = Time spent auto-exploring this place.
 F = Levels seen in this place.
 G = Mean time per level.
                   A        B        C        D        E       F      G
               +--------+--------+--------+--------+--------+-----+--------+
         Total |  14999 |  14488 |    511 |   2863 |   9261 |  15 |  999.9 |
       Dungeon |  13626 |  13168 |    458 |   2190 |   8858 |  12 | 1135.5 |
        Temple |     57 |     43 |     14 |      0 |     40 |   1 |   57.0 |
  Orcish Mines |   1315 |   1276 |     39 |    673 |    363 |   2 |  657.5 |
               +--------+--------+--------+--------+--------+-----+--------+

Top non-repeatable levels by time:
    D:10: 1709 daAuts
     D:2: 1641 daAuts
     D:8: 1537 daAuts
     D:7: 1446 daAuts
   Orc:1: 1272 daAuts
     D:1: 1251 daAuts
     D:6: 1238 daAuts
     D:3: 1134 daAuts
     D:5: 1055 daAuts
     D:4: 1026 daAuts
     D:9: 850 daAuts
    D:11: 436 daAuts
    D:12: 296 daAuts
  Temple: 57 daAuts
   Orc:2: 42 daAuts
